 Dungeon Crawl Stone Soup version 0.29-a0-838-g385bb11a5b (webtiles) character file.

Game seed: 18283886197220924312

960 spaghetti the Grasshopper (level 8, -6/69 HPs)
             Began as a Gnoll Warper on July 13, 2022.
             Was an Initiate of Ru.
             Mangled by a two-headed ogre
             ... wielding a +0 giant club
              (12 damage)
             ... on level 7 of the Dungeon.
             The game lasted 00:15:59 (6962 turns).

spaghetti the Grasshopper (Gnoll Warper)            Turns: 6962, Time: 00:15:59

Health: -6/69      AC:  5    Str:  8 (11) XL:     8   Next: 14%
Magic:  10/16      EV: 13    Int: 13 (14) God:    Ru [......]
Gold:   282        SH:  0    Dex: 11 (12) Spells: 11/18 levels left

rFire   + . .      SeeInvis .   c - +4 dagger (venom) {short}
rCold   + . .      Faith    .   (no shield)
rNeg    . . .      Spirit   .   b - +0 leather armour
rPois   +          Reflect  .   i - +0 helmet
rElec   +          Harm     .   (no cloak)
rCorr   +          Rampage  .   (no gloves)
Will    .....                   x - +0 pair of boots
Stlth   ++........              (no amulet)
HPRegen 0.21/turn               (no ring)
MPRegen 0.15/turn               (no ring)

@: brilliant, resistant, on blink cooldown
A: fangs 1, screaming 1, strong nose, distributed training, robust 1
a: Renounce Religion


You were on level 7 of the Dungeon.
You worshipped Ru.
Ru was noncommittal.
You visited 2 branches of the dungeon, and saw 8 of its levels.

You collected 282 gold pieces.


Innate Abilities, Weirdness & Mutations

You have very sharp teeth.
You occasionally shout uncontrollably at your foes.
Your uncanny sense of smell can sniff out nearby items.
Your experience applies equally to all skills.
You are robust. (+10% HP)


   Skills:
 + Level 5.6 Fighting
 + Level 3.1 Short Blades
 + Level 5.6 Long Blades
 + Level 3.1 Axes
 + Level 3.1 Maces & Flails
 + Level 3.1 Polearms
 + Level 3.1 Staves
 + Level 3.1 Ranged Weapons
 + Level 4.1 Throwing
 + Level 4.1 Armour
 + Level 5.6 Dodging
 + Level 3.1 Stealth
 + Level 3.1 Shields
 + Level 3.1 Unarmed Combat
 + Level 5.9 Spellcasting
 + Level 2.5 Conjurations
 + Level 2.5 Hexes
 + Level 2.5 Summonings
 + Level 2.5 Necromancy
 + Level 6.0 Translocations
 + Level 2.5 Transmutations
 + Level 2.5 Fire Magic
 + Level 2.5 Ice Magic
 + Level 2.5 Air Magic
 + Level 2.5 Earth Magic
 + Level 2.5 Poison Magic
 + Level 3.4 Invocations
 + Level 3.1 Evocations


You had 11 spell levels left.
You knew the following spells:

 Your Spells              Type           Power      Damage    Failure   Level
a - Blink                 Tloc           58%        N/A       2%          2
b - Call Canine Familiar  Summ           15%        N/A       24%         3
c - Wereblood             Tmut           15%        N/A       12%         2

Your spell library contained the following spells:

 Spells                   Type           Power      Damage    Failure   Level
 Gell's Gravitas          Tloc           29%        N/A       5%          3
 Lesser Beckoning         Tloc           29%        N/A       5%          3
 Teleport Other           Tloc           29%        N/A       5%          3
 Sublimation of Blood     Necr           15%        N/A       12%         2
 Portal Projectile        Hex/Tloc       44%        N/A       12%         3
 Manifold Assault         Tloc           29%        N/A       45%         5
 Leda's Liquefaction      Hex/Erth       7%         N/A       63%         4
 Petrify                  Tmut/Erth      15%        N/A       63%         4
 Irradiate                Conj/Tmut      7%         3d14      92%         5
 Storm Form               Tmut/Air       7%         N/A       100%        7
 Summon Hydra             Summ           7%         N/A       100%        7

Inventory:

Hand Weapons
 a - a +0 falchion {long}
 c - a +4 dagger of venom (weapon) {short}
   (You took it off Robin on level 3 of the Dungeon)
Missiles
 d - 4 boomerangs of dispersal {=f!fthrowing}
 l - 74 stones (quivered) {throwing}
 p - 17 poisoned darts {throwing}
 s - 7 atropa-tipped darts {throwing}
Armour
 b - a +0 leather armour (worn)
 i - a +0 helmet (worn)
   (You took it off Robin on level 3 of the Dungeon)
 o - a +2 tower shield
   (You found it on level 4 of the Dungeon)
 x - a +0 pair of boots (worn)
   (You found it on level 4 of the Dungeon)
Magical Staves
 D - a staff of cold {!astaff}
   (You found it on level 6 of the Dungeon)
Jewellery
 m - a ring of ice
   (You found it on level 3 of the Dungeon)
Wands
 v - a wand of roots (23)
   (You found it on level 4 of the Dungeon)
Scrolls
 e - 2 scrolls of enchant weapon
 h - a scroll of magic mapping {!r}
 j - 2 scrolls of noise {!r}
 k - 3 scrolls of teleportation {@r4}
 n - a scroll of fear
 t - a scroll of blinking {!r}
 u - a scroll of brand weapon {unknown}
 y - 2 scrolls of enchant armour {unknown}
 A - 2 scrolls of summoning {unknown}
 B - a scroll of fog {unknown}
 E - a scroll of vulnerability {unknown}
Potions
 g - 3 potions of degeneration {!q@e2}
 q - a potion of brilliance
 r - a potion of resistance
 w - 2 potions of curing {@q1}
 z - a potion of haste {@q3}

Dungeon Overview and Level Annotations

Branches:
Dungeon (7/15) Zot: 26419  Temple (1/1) D:4 Zot: 5851

Altars:
Ashenzari
Cheibriados
Fedhas
Gozag
Hepliaklqana
Kikubaaqudgha
Makhleb
Nemelex Xobeh
Okawaru
Qazlal
Ru
Sif Muna
Trog
Uskayaw
Wu Jian
Xom
Yredelemnul
Zin

Annotations:
D:3 3 runed translucent doors, scionoferis's ghost, amateur NaWr

โˆ†........O.h...........'......
####.(...............###....
#..(....#.#.......## #.#.#
#..###..#.##.....## #.###
#..###..#.###...## #.#
#.O#....#.# ##+#######.#
#..#.##.#.# #.......##.#
#..#.##.#.###..####.##.#
#....ยง..O@#............#
####.######.#...###.#### #.#
#......##.# #.######.#...###.#
#........#.......#
###########.###### #.# #.#


You could see a two-headed ogre (very poisoned).


Message History

You blink. ๐Ÿ˜จ MP[-1]
You lost 1 mp, and now have 13/16 mp.
Unknown command.
Unknown command.
Unknown command.
Unknown command. ๐Ÿ˜จ HP[+1]
You feel stable enough to blink again.
You start resting.
A two-headed ogre is nearby!
What are your orders? t - Howl!
Orders for allies: a - Attack new target. p - Attack previous target. r - Retreat! s - Stop attacking. g - Guard the area. f - Follow me.
Anything else - Cancel.
Gang up on whom?
Press: ? - help, Dir - move target, f/p - two-headed ogre
Aim: a two-headed ogre, wielding two +0 giant clubs (moderately wounded, unable to see you, ally target) Attack! ๐Ÿ˜จ MP[+1]
The two-headed ogre barely misses your hound.
The two-headed ogre closely misses your hound.
Your hound bites the two-headed ogre. ๐Ÿ˜จ HP[+1]
Your hound bites the two-headed ogre.
The two-headed ogre hits your hound with a +0 giant club!!
Your hound dies!
Your hound's corpse disappears in a puff of smoke!
The two-headed ogre shouts in stereo!
Casting: Blink (safe; 2% risk of failure)
Confirm with . or Enter, or press ? or * to list all spells.
You feel a surge of power! ๐Ÿ˜จ MP[-2]
You lost 2 mp, and now have 12/16 mp.
You flicker for a moment. ๐Ÿ˜จ HP[+1]
Your hound bites the two-headed ogre.
The two-headed ogre hits your hound with a +0 giant club!!
Your hound dies!
Your hound's corpse disappears in a puff of smoke! ๐Ÿ˜จ MP[+1]
Casting: Call Canine Familiar (dangerous; 24% risk of failure)
Confirm with . or Enter, or press ? or * to list all spells.
You feel a surge of power! ๐Ÿ˜จ MP[-2]
You lost 2 mp, and now have 11/16 mp.
Casting: Call Canine Familiar (dangerous; 24% risk of failure)
Confirm with . or Enter, or press ? or * to list all spells.
You feel a surge of power!
You blink.
Your hound bites the two-headed ogre.
The two-headed ogre hits your hound with a +0 giant club!!
Your hound dies!
Your hound's corpse disappears in a puff of smoke!
The two-headed ogre shouts in stereo! ๐Ÿ˜จ MP[-1]
You lost 1 mp, and now have 10/16 mp.
Unknown command.
Unknown command.
Unknown command.
Unknown command.
You catch the helpless two-headed ogre completely off-guard!
You puncture the two-headed ogre!
The two-headed ogre is poisoned.
You catch the helpless two-headed ogre completely off-guard!
You puncture the two-headed ogre!
You bite the two-headed ogre, but do no damage.
You flicker back into view.
The two-headed ogre hits you with a +0 giant club!!
* * * LOW HITPOINT WARNING * * *
The two-headed ogre barely misses you. ๐Ÿ˜ฑ HP[-21]
You take 21 damage, and now have 6/69 hp.
MASSIVE DAMAGE!! (PAUSE) Unknown command.
Throw: 6 boomerangs (disperse) {=f!fthrowing}
Press: ? - help, Shift-Dir - straight line, f/p - two-headed ogre
Aim: a two-headed ogre, wielding two +0 giant clubs (almost dead, very poisoned, 75% to hit)
You throw a boomerang of dispersal {=f!fthrowing}.
The boomerang of dispersal {=f!fthrowing} hits the two-headed ogre but does no damage.
You feel stable enough to blink again.
Unknown command.
Casting: Blink (safe; 2% risk of failure)
Confirm with . or Enter, or press ? or * to list all spells.
You feel a surge of power!
You blink. ๐Ÿ˜ฑ MP[-1]
You lost 1 mp, and now have 9/16 mp.
Unknown command.
Unknown command.
Unknown command.
Throw: 5 boomerangs (disperse) {=f!fthrowing}
Press: ? - help, Shift-Dir - straight line, f/p - two-headed ogre
Aim: a two-headed ogre, wielding two +0 giant clubs (almost dead, very poisoned, 75% to hit)
You throw a boomerang of dispersal {=f!fthrowing}.
The boomerang of dispersal {=f!fthrowing} hits the two-headed ogre but does no damage.
The two-headed ogre closely misses you.
The two-headed ogre hits you with a +0 giant club!
You die...

Skill      XL: |  1  2  3  4  5  6  7 |
---------------+----------------------+-----
Spellcasting   | 5 |  5.9
Invocations    | 1 2 3 |  3.4
Short Blades   | 1 2 3 |  3.1
Axes           | 1 2 3 |  3.1
Maces & Flails | 1 2 3 |  3.1
Polearms       | 1 2 3 |  3.1
Staves         | 1 2 3 |  3.1
Ranged Weapons | 1 2 3 |  3.1
Stealth        | 1 2 3 |  3.1
Shields        | 1 2 3 |  3.1
Unarmed Combat | 1 2 3 |  3.1
Evocations     | 1 2 3 |  3.1
Conjurations   | 1 2 |  2.5
Hexes          | 1 2 |  2.5
Summonings     | 1 2 |  2.5
Necromancy     | 1 2 |  2.5
Transmutations | 1 2 |  2.5
Fire Magic     | 1 2 |  2.5
Ice Magic      | 1 2 |  2.5
Air Magic      | 1 2 |  2.5
Earth Magic    | 1 2 |  2.5
Poison Magic   | 1 2 |  2.5
Throwing       | 3 4 |  4.1
Armour         | 3 4 |  4.1
Fighting       | 5 |  5.6
Long Blades    | 5 |  5.6
Dodging        | 5 |  5.6
Translocations | 6 |  6.0

Action                   |  1- 3 |  4- 6 |  7- 9 || total
-------------------------+-------+-------+-------++-------
Melee: Falchion          |   130 |    40 |       ||   170
       Bite              |     8 |    12 |     9 ||    29
       Punch             |     1 |     1 |     2 ||     4
       Dagger            |       |    99 |    69 ||   168
       Unarmed           |       |       |     5 ||     5
Throw: Boomerang         |       |     1 |     2 ||     3
       Stone             |       |     9 |       ||     9
       Dart              |       |       |     3 ||     3
 Cast: Call Canine Famil |     1 |     7 |    10 ||    18
       Blink             |       |     3 |     9 ||    12
       Wereblood         |       |     3 |     3 ||     6
Invok: Sacrifice Purity  |       |     1 |       ||     1
Evoke: Wand              |       |     1 |     5 ||     6
  Use: Potion            |       |     6 |     7 ||    13
       Scroll            |       |     6 |     2 ||     8
 Stab: Sleeping          |     2 |       |       ||     2
       Distracted        |       |     1 |       ||     1
       Invisible         |       |       |     2 ||     2
Armor: Leather armour    |    53 |    44 |    18 ||   115
Dodge: Dodged            |   137 |    89 |    50 ||   276
Block: Tower shield      |       |     1 |       ||     1

Levels and vault maps discovered:
D:1:      sevenhm_arrival_forest_fort_large_2, layout_rooms
D:2:      minmay_roachtagon, layout_rooms
D:3:      layout_loops_ring, bloody_makhleb,
          mainiacjoe_overflow_surrounded_room, biasface_ghost_orc_armoury,
          minivault_23, serial_park_tiny_1, uniq_robin
D:4:      layout_basic, trog_hazing_becter, cheibrodos_worm_habitat,
          minmay_temple_entry_wispy
D:5:      layout_basic, nicolae_overflow_hidden_temple
D:6:      layout_basic
D:7:      layout_loops_corners, uniq_crazy_yiuf_cottage
Temple:   hellmonk_temple_divided_pantheon

Notes
Turn   | Place    | Note
-------+----------+-------------------------------------------
     0 | D:1      | spaghetti the Gnoll Warper began the quest for the Orb.
     0 | D:1      | Reached XP level 1. HP: 20/20 MP: 6/6
     0 | D:1      | magus.rc [v1.9.6]
   268 | D:1      | Reached XP level 2. HP: 24/26 MP: 7/7
   271 | D:1      | Learned a level 2 spell: Blink
   382 | D:1      | You pick up a book of the Hunter and begin reading...
   382 | D:1      | You add the spells Call Canine Familiar, Portal Projectile
                  | and Leda's Liquefaction to your library.
   432 | D:1      | Reached skill level 5 in Spellcasting
   432 | D:1      | Reached XP level 3. HP: 8/31 MP: 7/9
   439 | D:1      | Learned a level 3 spell: Call Canine Familiar
  1201 | D:2      | Reached skill level 1 in Invocations
  1434 | D:2      | Reached skill level 1 in Short Blades
  1434 | D:2      | Reached skill level 1 in Axes
  1434 | D:2      | Reached skill level 1 in Maces & Flails
  1434 | D:2      | Reached skill level 1 in Polearms
  1434 | D:2      | Reached skill level 1 in Staves
  1434 | D:2      | Reached skill level 1 in Ranged Weapons
  1434 | D:2      | Reached skill level 1 in Stealth
  1434 | D:2      | Reached skill level 1 in Shields
  1434 | D:2      | Reached skill level 1 in Unarmed Combat
  1434 | D:2      | Reached skill level 1 in Evocations
  1606 | D:2      | You fall into a shaft and drop 2 floors!
  1737 | D:3      | Found an ancient bone altar of Kikubaaqudgha.
  1788 | D:3      | Reached XP level 4. HP: 24/38 MP: 7/11
  1794 | D:3      | Reached skill level 1 in Conjurations
  1794 | D:3      | Reached skill level 1 in Hexes
  1794 | D:3      | Reached skill level 1 in Summonings
  1794 | D:3      | Reached skill level 1 in Necromancy
  1794 | D:3      | Reached skill level 1 in Transmutations
  1794 | D:3      | Reached skill level 1 in Fire Magic
  1794 | D:3      | Reached skill level 1 in Ice Magic
  1794 | D:3      | Reached skill level 1 in Air Magic
  1794 | D:3      | Reached skill level 1 in Earth Magic
  1794 | D:3      | Reached skill level 1 in Poison Magic
  1992 | D:3      | Noticed Robin
  2018 | D:3      | HP: 5/38 [Robin/bolt of dispelling energy (22)]
  2024 | D:3      | Gained mutation: You are robust. (+10% HP) [potion of
                  | mutation]
  2046 | D:3      | HP: 7/41 [giant cockroach (1)]
  2106 | D:3      | Killed Robin
  2107 | D:3      | Reached XP level 5. HP: 16/47 MP: 2/12
  2423 | D:3      | You pick up a book of Blood and begin reading...
  2423 | D:3      | You add the spells Sublimation of Blood, Wereblood and
                  | Summon Hydra to your library.
  2427 | D:3      | Reached skill level 3 in Throwing
  2427 | D:3      | Reached skill level 3 in Armour
  2430 | D:3      | Learned a level 2 spell: Wereblood
  2564 | D:3      | Found a burning altar of Makhleb.
  2726 | D:3      | Found a runed translucent gate.
  2727 | D:3      | Found a runed translucent gate.
  2727 | D:3      | Identified the +10 mace of Distant Worlds {drain, Fly
                  | Dex+5}
  2727 | D:3      | Identified the +4 chain mail "Ceut" {*Corrode rC+ Regen+
                  | Dex+2}
  2727 | D:3      | Noticed scionoferis's ghost (amateur NaWr)
  2728 | D:3      | Found a runed translucent gate.
  2926 | D:4      | Found a staircase to the Ecumenical Temple.
  2944 | Temple   | Entered the Ecumenical Temple
  2944 | Temple   | Found a transporter.
  2944 | Temple   | Found a transporter.
  2948 | Temple   | Found a transporter.
  2948 | Temple   | Found a transporter.
  3074 | Temple   | Became a worshipper of Ru the Awakened
  3753 | D:4      | Found a snail-covered altar of Cheibriados.
  3880 | D:4      | Found a bloodstained altar of Trog.
  3895 | D:4      | Reached skill level 2 in Invocations
  4226 | D:5      | Entered Level 5 of the Dungeon
  4233 | D:5      | Reached XP level 6. HP: 48/55 MP: 14/14
  4307 | D:5      | You pick up a book of Alchemy and begin reading...
  4307 | D:5      | You add the spells Petrify and Irradiate to your library.
  4419 | D:5      | Reached skill level 5 in Fighting
  4419 | D:5      | Reached skill level 2 in Short Blades
  4419 | D:5      | Reached skill level 5 in Long Blades
  4419 | D:5      | Reached skill level 2 in Axes
  4419 | D:5      | Reached skill level 2 in Maces & Flails
  4419 | D:5      | Reached skill level 2 in Polearms
  4419 | D:5      | Reached skill level 2 in Staves
  4419 | D:5      | Reached skill level 2 in Ranged Weapons
  4419 | D:5      | Reached skill level 5 in Dodging
  4419 | D:5      | Reached skill level 2 in Stealth
  4419 | D:5      | Reached skill level 2 in Shields
  4419 | D:5      | Reached skill level 2 in Unarmed Combat
  4419 | D:5      | Reached skill level 2 in Evocations
  4738 | D:5      | Gained mutation: You occasionally shout uncontrollably at
                  | your foes. [Ru sacrifice]
  4764 | D:5      | Found a stormy altar of Qazlal.
  4834 | D:5      | Noticed an ice beast
  4848 | D:5      | Killed an ice beast
  5188 | D:6      | Reached XP level 7. HP: 51/61 MP: 9/15
  5366 | D:6      | Reached skill level 2 in Conjurations
  5366 | D:6      | Reached skill level 2 in Hexes
  5366 | D:6      | Reached skill level 2 in Summonings
  5366 | D:6      | Reached skill level 2 in Necromancy
  5366 | D:6      | Reached skill level 2 in Transmutations
  5366 | D:6      | Reached skill level 2 in Fire Magic
  5366 | D:6      | Reached skill level 2 in Ice Magic
  5366 | D:6      | Reached skill level 2 in Air Magic
  5366 | D:6      | Reached skill level 2 in Earth Magic
  5366 | D:6      | Reached skill level 2 in Poison Magic
  5672 | D:6      | Reached skill level 3 in Invocations
  5737 | D:6      | Reached skill level 6 in Translocations
  6026 | D:6      | Reached skill level 3 in Short Blades
  6026 | D:6      | Reached skill level 3 in Axes
  6026 | D:6      | Reached skill level 3 in Maces & Flails
  6026 | D:6      | Reached skill level 3 in Polearms
  6026 | D:6      | Reached skill level 3 in Staves
  6026 | D:6      | Reached skill level 3 in Ranged Weapons
  6026 | D:6      | Reached skill level 4 in Throwing
  6026 | D:6      | Reached skill level 4 in Armour
  6026 | D:6      | Reached skill level 3 in Stealth
  6026 | D:6      | Reached skill level 3 in Shields
  6026 | D:6      | Reached skill level 3 in Unarmed Combat
  6026 | D:6      | Reached skill level 3 in Evocations
  6026 | D:6      | Reached XP level 8. HP: 66/69 MP: 10/16
  6522 | D:7      | Noticed a two-headed ogre
  6667 | D:6      | HP: 15/69 [kobold brigand/+2 dagger of venom (5)]
  6959 | D:7      | HP: 6/69 [two-headed ogre/+0 giant club (22)]
  6962 | D:7      | Mangled by a two-headed ogre

Vanquished Creatures
  A water moccasin (D:6)
  An ice beast (D:5)
  2 ogres
  A kobold brigand (D:6)
  A necrophage (D:6)
  A howler monkey (D:5)
  A hound (D:7)
  A jelly (D:6)
  2 orc wizards
  4 gnolls (D:4)
  4 adders
  A shadow imp (D:5)
  An ufetubus (D:6)
  A worm (D:4)
  2 dart slugs (D:1)
  3 orcs
  6 endoplasms
  4 giant cockroaches
  17 goblins
  9 hobgoblins
  10 jackals
  12 kobolds
  2 quokkas
  4 ball pythons
  4 bats
  3 frilled lizards
  3 rats
101 creatures vanquished.

Vanquished Creatures (collateral kills)
  A phantom (D:6)
  A hound (D:6)
  Robin (D:3)
  An adder (D:3)
  A worm (D:3)
  3 orcs
  A hobgoblin (D:3)
9 creatures vanquished.

Grand Total: 110 creatures vanquished

Table legend:
 A = Non-vault XP
 B = Vault XP
 C = Vault XP percentage of total XP
 D = Non-vault monster count
 E = Vault monster count
 F = Vault count percentage of total count
                 A         B        C        D         E       F
            +---------+---------+-------+---------+---------+-------
      Total |    1318 |      54 |   3.9 |      90 |      20 |  18.2
            +---------+---------+-------+---------+---------+-------
        D:1 |      41 |       0 |   0.0 |      22 |       0 |   0.0
        D:2 |      28 |       0 |   0.0 |      15 |       0 |   0.0
        D:3 |      90 |      38 |  29.7 |      17 |      13 |  43.3
        D:4 |      81 |      16 |  16.5 |      11 |       7 |  38.9
        D:5 |     319 |       0 |   0.0 |       5 |       0 |   0.0
        D:6 |     711 |       0 |   0.0 |      16 |       0 |   0.0
        D:7 |      48 |       0 |   0.0 |       4 |       0 |   0.0
            +---------+---------+-------+---------+---------+-------

Illustrated notes

Table legend:
 A = Kills in this place as a percentage of kills in entire the game.
 B = Kills by you in this place as a percentage of kills by you in the entire game.
 C = Kills by friends in this place as a percentage of kills by friends in the entire game.
 D = Other kills in this place as a percentage of other kills in the entire game.
 E = Experience gained in this place as a percentage of experience gained in the entire game.
 F = Experience gained in this place divided by the number of levels of this place that you have seen.
                   A       B       C       D       E      F
               +-------+-------+-------+-------+-------+----------------------
         Total | 100.0 | 100.0 | 100.0 |   N/A | 100.0 | 171.5
       Dungeon | 100.0 | 100.0 | 100.0 |   N/A | 100.0 | 196.0
               +-------+-------+-------+-------+-------+----------------------

Table legend: (Time is in decaauts)
 A = Elapsed time spent in this place.
 B = Non-inter-level travel time spent in this place.
 C = Inter-level travel time spent in this place.
 D = Time resting spent in this place.
 E = Time spent auto-exploring this place.
 F = Levels seen in this place.
 G = Mean time per level.
                   A        B        C        D        E       F      G
               +--------+--------+--------+--------+--------+-----+--------+
         Total |   6947 |   6754 |    193 |    615 |   5229 |   8 |  868.4 |
       Dungeon |   6798 |   6621 |    177 |    613 |   5135 |   7 |  971.1 |
        Temple |    148 |    132 |     16 |      2 |     94 |   1 |  148.0 |
               +--------+--------+--------+--------+--------+-----+--------+

Top non-repeatable levels by time:
     D:6: 1579 daAuts
     D:4: 1276 daAuts
     D:3: 1183 daAuts
     D:1: 1004 daAuts
     D:5: 946 daAuts
     D:2: 610 daAuts
     D:7: 198 daAuts
  Temple: 148 daAuts
